 Dungeon Crawl Stone Soup version 0.32-a0-392-gb00f77f (webtiles) character file.

Game seed: 16118424506501383121

649 Dorkslayer the Ruffian (level 7, -8/51 (65) HPs)
             Began as an Oni Shapeshifter on Feb 19, 2024.
             Mangled by Dega's ghost (12 damage)
             ... on level 4 of the Dungeon.
             The game lasted 00:08:59 (2817 turns).

Dorkslayer the Ruffian (Oni Shapeshifter)           Turns: 2817, Time: 00:09:00

HP:   -8/51 (65)    AC:  8    Str: 27    XL:     7   Next: 53%
MP:   7/7           EV: 10    Int: 11    God:
Gold: 206           SH:  5    Dex: 10    Spells: 6/6 levels left

rFire   . .          .
                       - Unarmed
rCold   . . .        (no shield)
rNeg    . . .        a - +0 animal skin
rPois   +            g - +5 hat of Laesy {rPois Will- Str+8}
rElec   .            (no cloak)
rCorr   .            (gloves unavailable)
SInv    .            (boots unavailable)
Will    .....        h - amulet of reflection
Stlth   +            (no ring)
HPRegen 0.28/turn    (no ring)
MPRegen 0.10/turn

%: reflection
@: heavily drained
A: large, unfitting armour, horns 1, tough skin 1, double potion healing,
drunken brawling
a: Convert to Beogh


You were on level 4 of the Dungeon.
You visited 1 branch of the dungeon, and saw 4 of its levels.

You collected 306 gold pieces.
You spent 100 gold pieces at shops.

Inventory:

Hand Weapons
 s - a +1 mace of protection
Armour
 a - a +0 animal skin (worn)
 f - a +0 cloak
 g - the +5 hat of Laesy (worn) {rPois Will- Str+8}
   (You acquired it on level 1 of the Dungeon)

   Str+8:     It affects your strength (+8).
   rPois:     It protects you from poison Will-: It decreases your willpower.
Jewellery
 h - an amulet of reflection (around neck)
 t - a ring of poison resistance
Talismans
 c - a beast talisman
 d - a flux talisman
Wands
 w - a wand of mindburst (13)
Scrolls
 i - 4 scrolls of teleportation
 k - a scroll of poison {unknown}
 l - a scroll of revelation {unknown}
 m - 2 scrolls of fog {unknown}
 q - a scroll of enchant armour {unknown}
Potions
 b - a potion of lignification
 e - 4 potions of brilliance
 n - 2 potions of heal wounds {unknown}
 o - a potion of ambrosia {unknown}
 p - a potion of cancellation {unknown}
 r - a potion of might {unknown}
 u - a potion of magic {unknown}
 v - a potion of berserk rage {unknown}


   Skills:
 + Level 2.1 Fighting
 + Level 3.2 Dodging
 + Level 0.5 Stealth
 + Level 1.3 Shields
 * Level 6.1 Unarmed Combat
 * Level 1.1 Evocations
 * Level 3.9 Shapeshifting


You had 6 spell levels left.
You didn't know any spells.
Your spell library contained the following spells:

 Spells                   Type           Power      Damage    Failure   Level
 Tukima's Dance           Hex            0%         N/A       71%         3
 Ignite Poison            Fire/Alch      0%         N/A       98%         4
 Passage of Golubria      Tloc           0%         N/A       98%         4
 Sticky Flame             Fire/Alch      0%         2d4       98%         4
 Yara's Violent Unravell  Hex/Alch       0%         3d3       100%        5
 Ignition                 Fire           0%         3d3       100%        8


Dungeon Overview and Level Annotations

Branches:
Dungeon (4/15)
 Temple: D:4-7

Altars:
Qazlal
Zin
Beogh

Shops:
D:1 *

Annotations:
D:4 Dega's ghost, amateur CoFi


Innate Abilities, Weirdness & Mutations

You are too large for most types of armour.
You have a pair of small horns on your head.
You have tough skin. (AC +1)
You gain doubled healing and magic from potions.
Whenever you drink a healing potion, you attack all around you.


Message History

The orc hits you but does no damage.
You punch the orc!
You kill the orc!
The orc priest miscasts a cantrip.
The orc hits you but does no damage.
The orc priest looks encouraged for a moment.
The orc attacks as it pursues you! The orc barely misses you.
The orc hits you but does no damage.
Things that are here:
a +0 club; an orc corpse The orc priest suddenly curses, in orcish tradition.
The orc closely misses you. The orc attacks as it pursues you!
The orc misses you. The orc closely misses you.
The orc attacks as it pursues you! You block the orc's attack.
The orc hits you but does no damage.
You hit the orc.
The orc priest shouts, "The Pantheon deserves no one's loyalty.
Let us show you the true path!"
Your headbutt misses the orc.
The orc is heavily wounded.
The orc hits you but does no damage.
The orc priest mumbles some strange prayers to Beogh against you.
Beogh smites you!
* * * LOW HITPOINT WARNING * * *
You hit the orc.
The orc is severely wounded.
The orc hits you with a +0 dagger.
* * * LOW HITPOINT WARNING * * *
You hit the orc.
You kill the orc!
You see here a +0 dagger.
Dega's ghost whispers, "Death doesn't hurt.
What you feel is life." Dega's ghost attacks as it pursues you!
Dega's ghost hits you but does no damage.
You feel drained.
The orc priest calls down the wrath of Beogh upon you.
Beogh smites you!
* * * LOW HITPOINT WARNING * * *
Dega's ghost hits you!
You die...

#.o............
##############)ßWo..........
#...........oo.######'''####
#...........o###............
#..#########o# #....#####...
#..#.......#o# #.###..... ##
#..#.......#o# #.#ß#..ß..# #
###..#.......#W# #...........
#....#..._...@.###ß....[_[).[
###..#.......#..#### ######
##.#.g.....#.....## ###.....
#.#.......#......###.......
#.#########.....###.......#
#............#...#.......##
##..##..#..##.#.#.........##
##...#...........#..........#
#.##.............#....)......


You could see an orc priest, Dega's ghost, 5 orcs and a hobgoblin (asleep).

Vanquished Creatures
  A water moccasin (D:3)
  Blork the orc (D:4)
  Crazy Yiuf (D:3)
  An orc priest (D:4)
  Jessica (D:3)
  Ijyb (D:4)
  Natasha (thrice) (D:3)
  An orc wizard (D:4)
  Robin (D:4)
  7 adders
  3 ribbon worms
  2 dart slugs
  4 orcs (D:4)
  5 ball pythons
  5 endoplasms
  2 giant cockroaches
  15 goblins
  9 hobgoblins
  3 jackals (D:1)
  10 kobolds
  7 quokkas
  4 bats
  3 frilled lizards
  6 rats
96 creatures vanquished.

Vanquished Creatures (others)
  An orc wizard (D:4)
1 creature vanquished.

Grand Total: 97 creatures vanquished

Notes
Turn   | Place    | Note
-------+----------+-------------------------------------------
     0 | D:1      | Dorkslayer the Oni Shapeshifter began the quest for the
                  | Orb.
     0 | D:1      | Reached XP level 1. HP: 19/19 MP: 1/1
    44 | D:1      | Reached skill level 3 in Unarmed Combat
    48 | D:1      | Reached XP level 2. HP: 16/27 MP: 2/2
   251 | D:1      | Reached XP level 3. HP: 31/33 MP: 3/3
   423 | D:1      | Found Ytzep's General Store.
   460 | D:1      | Bought a scroll of teleportation for 30 gold pieces
   460 | D:1      | Bought a potion of curing for 30 gold pieces
   460 | D:1      | Bought a scroll of identify for 20 gold pieces
   460 | D:1      | Bought a scroll of identify for 20 gold pieces
   464 | D:1      | Identified a scroll of acquirement
   465 | D:1      | Acquired the +5 hat of Laesy {rPois Will- Str+8}
   717 | D:2      | Found a faded altar of an unknown god.
   765 | D:2      | Reached XP level 4. HP: 42/42 MP: 4/4
   776 | D:2      | Identified the +3 ring mail of Absence {rCorr}
  1348 | D:3      | Noticed Jessica
  1354 | D:3      | Noticed Natasha
  1363 | D:3      | Killed Natasha
  1364 | D:3      | Reached skill level 4 in Unarmed Combat
  1364 | D:3      | Reached XP level 5. HP: 15/49 MP: 5/5
  1364 | D:3      | Killed Jessica
  1693 | D:3      | Noticed Natasha
  1719 | D:3      | Killed Natasha
  1908 | D:3      | Reached skill level 1 in Shields
  1913 | D:3      | Reached XP level 6. HP: 55/57 MP: 6/6
  1918 | D:3      | Noticed a water moccasin
  1933 | D:3      | Killed a water moccasin
  1934 | D:3      | Reached skill level 5 in Unarmed Combat
  1934 | D:3      | Noticed Natasha
  1940 | D:3      | Killed Natasha
  2141 | D:3      | Found a runed translucent door.
  2142 | D:3      | Noticed Crazy Yiuf
  2150 | D:3      | Killed Crazy Yiuf
  2204 | D:4      | Noticed Ijyb
  2204 | D:4      | Found a glowing silver altar of Zin.
  2213 | D:4      | Killed Ijyb
  2267 | D:4      | Reached XP level 7. HP: 65/65 MP: 7/7
  2272 | D:4      | Noticed Robin
  2273 | D:4      | Noticed Blork the orc
  2304 | D:4      | Killed Blork the orc
  2318 | D:4      | Killed Robin
  2367 | D:4      | Reached skill level 6 in Unarmed Combat
  2404 | D:4      | Reached skill level 1 in Evocations
  2687 | D:4      | Found a stormy altar of Qazlal.
  2770 | D:4      | Found a runed translucent gate.
  2770 | D:4      | Identified the +1 leather armour of the Midnight Sun {rC+
                  | Int+4}
  2771 | D:4      | Found a runed translucent gate.
  2771 | D:4      | Noticed Dega's ghost (amateur CoFi)
  2772 | D:4      | Found a runed translucent gate.
  2793 | D:4      | Found a roughly hewn altar of Beogh.
  2817 | D:4      | Mangled by Dega's ghost

Illustrated notes

Levels and vault maps discovered:
D:1:      minmay_arrival_four_houses, layout_loops_ring, serial_shops, shop,
          grunt_decor_one_mirror, minmay_pentomino_s2
D:2:      layout_loops_cross, basic_ecumenical_altar, minmay_3d_cube
D:3:      layout_basic, uniq_crazy_yiuf_cottage, uniq_jessica, uniq_natasha
D:4:      layout_cave_pools, lemuel_tele_altar, mainiacjoe_overflow_paths,
          biasface_ghost_orc_armoury, uniq_ijyb, uniq_blork_the_orc, uniq_robin

Skill      XL: |  1  2  3  4  5  6  7 |
---------------+----------------------+-----
Unarmed Combat | 3 4 5 6 |  6.1
Dodging        | 2 3 |  3.2
Shields        | 1 |  1.3
Fighting       | 2 |  2.1
Evocations     | 1 |  1.1
Stealth        | |  0.5
Shapeshifting  | |  3.9

Action                     |  1- 3 |  4- 6 |  7- 9 || total
---------------------------+-------+-------+-------++-------
  Melee: Unarmed           |    68 |   155 |    92 ||   315
         Headbutt          |    11 |    22 |    14 ||    47
         Punch             |       |     4 |       ||     4
  Evoke: Wand              |       |       |     4 ||     4
    Use: Scroll            |     3 |     1 |       ||     4
         Potion            |       |       |     2 ||     2
   Stab: Sleeping          |       |     1 |       ||     1
 Armour: Animal skin       |    40 |    88 |    94 ||   222
  Dodge: Dodged            |    26 |    61 |    65 ||   152
  Block: Other             |     3 |    31 |    29 ||    63
         Reflection        |       |     1 |     1 ||     2
         Form:             |     1 |       |       ||     1

Table legend: (Time is in decaauts)
 A = Elapsed time spent in this place.
 B = Non-inter-level travel time spent in this place.
 C = Inter-level travel time spent in this place.
 D = Time resting spent in this place.
 E = Time spent auto-exploring this place.
 F = Levels seen in this place.
 G = Mean time per level.
                   A        B        C        D        E       F      G
               +--------+--------+--------+--------+--------+-----+--------+
         Total |   2831 |   2831 |      0 |     30 |   1130 |   4 |  707.8 |
       Dungeon |   2831 |   2831 |      0 |     30 |   1130 |   4 |  707.8 |
               +--------+--------+--------+--------+--------+-----+--------+

Top non-repeatable levels by time:
     D:3: 896 daAuts
     D:1: 692 daAuts
     D:2: 641 daAuts
     D:4: 601 daAuts
